 Dungeon Crawl Stone Soup version 0.30-b1-2-g02819fbbbe (webtiles) character file.

Game seed: 47869841699012843

495 snakesoul the Shield-Bearer (level 7, -1/53 (56) HPs)
             Began as a Formicid Fighter on May 31, 2023.
             Slain by a wight
             ... wielding a +3 trident
              (6 damage)
             ... on level 5 of the Dungeon.
             The game lasted 00:04:46 (3612 turns).

snakesoul the Shield-Bearer (Formicid Fighter)      Turns: 3612, Time: 00:04:47

HP:   -1/53 (56)    AC: 11    Str: 23    XL:     7   Next: 38%
MP:   16/16         EV:  9    Int:  7    God:
Gold: 202           SH:  5    Dex: 13    Spells: 6/6 levels left

rFire   . . .        a - +0 war axe
rCold   . . .        c - +0 buckler
rNeg    + . .        u - +1 scale mail {rN+}
rPois   .            (helmet unavailable)
rElec   .            (no cloak)
rCorr   .            t - +2 pair of gloves
SInv    +            (no boots)
Will    .....        (no amulet) Stlth
                     j - ring of magical power
HPRegen 0.28/turn    (no ring)
MPRegen 0.15/turn

%: no passive effects
@: mighty, drained
A: permanent stasis, dig shafts and tunnels, antennae 3, four strong arms
a: Dig, Shaft Self


You were on level 5 of the Dungeon.
You visited 1 branch of the dungeon, and saw 5 of its levels.

You collected 202 gold pieces.

Inventory:

Hand Weapons
 a - a +0 war axe (weapon)
Armour
 c - a +0 buckler (worn)
 t - a +2 pair of gloves (worn)
 u - a +1 scale mail of positive energy (worn)
Jewellery
 j - a ring of magical power (left hand)
Scrolls
 e - 2 scrolls of teleportation {unknown}
 f - 3 scrolls of fog {unknown}
 h - 2 scrolls of enchant weapon {unknown}
 i - a scroll of identify {unknown}
 k - a scroll of brand weapon {unknown}
 m - a scroll of noise {unknown}
 p - a scroll of immolation {unknown}
 q - a scroll of amnesia {unknown}
 r - a scroll of fear {unknown}
 s - a scroll of blinking {unknown}
Potions
 b - a potion of resistance {unknown}
 l - a potion of berserk rage {unknown}
 n - a potion of haste {unknown}
 o - a potion of lignification {unknown}


   Skills:
 + Level 5.1 Fighting
 + Level 4.1 Axes
 + Level 5.1 Armour
 + Level 6.2 Shields


You had 6 spell levels left.
You didn't know any spells.
Your spell library contained the following spells:

 Spells                   Type           Power      Damage    Failure   Level
 Shock                    Conj/Air       0%         1d3       78%         1
 Airstrike                Air            0%         2d(0-16)  100%        4
 Swiftness                Air            Unusable   N/A       N/A         3

Dungeon Overview and Level Annotations

Branches:
Dungeon (5/15)
 Temple: D:4-7

Altars:
Kikubaaqudgha


Innate Abilities, Weirdness & Mutations

You cannot be hasted, slowed, berserked, paralysed or teleported.
You can dig through walls and to a lower floor.
You have a pair of large antennae on your head. (SInv)
Your four strong arms can wield two-handed weapons with a shield.


Message History

You closely miss the wight. The wight hits you but does no damage.
You slash the wight!
The wight is severely damaged.
The wight hits you from afar with a +3 trident.
The wight closely misses you.
You barely miss the wight.
The wight is severely damaged.
The wight hits you from afar with a +3 trident.
You partially resist.
You feel drained. The wight barely misses you.
The wight hits you from afar with a +3 trident.
You partially resist.
You feel drained.
You slash the wight!
You destroy the wight!
The wight hits you from afar with a +3 trident!
Your life force feels restored.
You are too injured to fight recklessly!
You are too injured to fight recklessly!
You are too injured to fight recklessly!
You are too injured to fight recklessly!
Unknown command.
The wight barely misses you.
You hit the wight.
The wight is moderately damaged.
The wight hits you with a +3 trident. You partially resist.
You feel drained.
You barely miss the wight.
The wight is moderately damaged.
The wight hits you with a +3 trident!
* * * LOW HITPOINT WARNING * * *
You partially resist.
You feel drained.
* * * LOW HITPOINT WARNING * * *
The wight hits you with a +3 trident.
* * * LOW HITPOINT WARNING * * *
You feel very mighty all of a sudden. The wight hits you with a +3 trident.
* * * LOW HITPOINT WARNING * * *
You partially resist.
You feel drained.
You closely miss the wight.
The wight is moderately damaged.
The wight hits you with a +3 trident.
You die...

.. { ##. { ##.. {
#...##
#.#..###########
##.##.##)........
#####..#.....@z......
#...........###.#####
...###..##)### #
##....##..#
#####....####..#
...............+
...).†#.#####..#
.#..#.#.# .##
#..#..#.# ##


You could see a wight.

Vanquished Creatures
  A scorpion (D:4)
  A wight (D:5)
  2 jellies (D:4)
  An orc priest (D:4)
  2 sleepcaps
  A hound (D:5)
  An iguana (D:5)
  An orc wizard (D:4)
  5 gnolls
  An adder (D:2)
  A white imp (D:5)
  4 worms
  A dart slug (D:2)
  9 orcs
  4 ball pythons
  5 endoplasms
  3 giant cockroaches
  8 goblins
  9 hobgoblins
  4 jackals (D:3)
  9 kobolds
  2 quokkas
  9 bats
  4 frilled lizards
  4 rats
92 creatures vanquished.

Vanquished Creatures (others)
  3 plants (D:1)
3 creatures vanquished.

Grand Total: 95 creatures vanquished

Notes
Turn   | Place    | Note
-------+----------+-------------------------------------------
     0 | D:1      | snakesoul the Formicid Fighter began the quest for the Orb.
     0 | D:1      | Reached XP level 1. HP: 18/18 MP: 1/1
   129 | D:1      | Reached XP level 2. HP: 23/24 MP: 2/2
   245 | D:1      | Reached XP level 3. HP: 26/29 MP: 3/3
   982 | D:2      | Reached XP level 4. HP: 37/37 MP: 4/4
  1519 | D:3      | Found an ancient bone altar of Kikubaaqudgha.
  1555 | D:3      | Reached skill level 5 in Shields
  1555 | D:3      | Reached XP level 5. HP: 32/42 MP: 5/5
  2068 | D:3      | Found a faded altar of an unknown god.
  2705 | D:4      | Reached XP level 6. HP: 39/49 MP: 6/6
  3101 | D:4      | Reached XP level 7. HP: 39/55 MP: 7/7
  3474 | D:5      | Entered Level 5 of the Dungeon
  3527 | D:5      | Reached skill level 5 in Armour
  3527 | D:5      | Reached skill level 6 in Shields
  3569 | D:5      | Reached skill level 5 in Fighting
  3612 | D:5      | Slain by a wight

Illustrated notes

Levels and vault maps discovered:
D:1:      erik_arrival_orb_chamber, layout_basic, nicolae_grassy_gnolls
D:2:      layout_loops_ring
D:3:      layout_loops_corners, lemuel_doored_altar,
          chequers_ecumenical_altar_grove
D:4:      layout_loops_ring
D:5:      layout_rooms, mainiacjoe_overflow_six_doors_small, led_sif_book,
          uniq_menkaure

Skill      XL: |  1  2  3  4  5  6  7 |
---------------+----------------------+-----
Fighting       | 4 5 |  5.1
Axes           | 3 4 |  4.1
Armour         | 4 5 |  5.1
Shields        | 5 6 |  6.2

Action                     |  1- 3 |  4- 6 |  7- 9 || total
---------------------------+-------+-------+-------++-------
  Melee: War axe           |    92 |   162 |    42 ||   296
    Use: Potion            |       |       |     1 ||     1
 Armour: Scale mail        |    33 |       |    15 ||    48
         Chain mail        |     7 |    70 |     1 ||    78
  Dodge: Dodged            |    35 |    48 |    20 ||   103
  Block: Buckler           |    23 |    46 |    12 ||    81
